 Dungeon Crawl Stone Soup version 0.30.1-11-g7821555f0a (webtiles) character file.

Game seed: 8183391183281809070

4819 jagang the Fighter (level 10, -1/82 HPs)
             Began as a Demonspawn Fighter on Dec 13, 2023.
             Slain by a yak (3 damage)
             ... on level 9 of the Dungeon.
             The game lasted 00:18:48 (7998 turns).

jagang the Fighter (Demonspawn Fighter)             Turns: 7998, Time: 00:18:49

Health: -1/82      AC: 18    Str: 27    XL:     10   Next: 24%
Magic:  10/10      EV: 12    Int: 10    God:
Gold:   39         SH:  5    Dex: 12    Spells: 9/9 levels left

rFire   . . .        J - +0 morningstar
rCold   + . .        c - +0 buckler
rNeg    . . .        t - +0 plate armour
rPois   .            b - +0 helmet
rElec   .            H - +0 cloak
rCorr   .            u - +0 pair of gloves
SInv    .            N - +0 pair of boots
Will    +....        D - amulet of the acrobat Stlth
                     g - ring "Hero's Friend" {rC+ Will+ Slay+2}
HPRegen 0.33/turn    m - +6 ring of strength
MPRegen 0.12/turn

%: acrobat
@: mighty, agile
A: claws 2, hooves 1, powered by pain 2, spiny 1
a: no special abilities


You were on level 9 of the Dungeon.
You visited 2 branches of the dungeon, and saw 10 of its levels.

You collected 469 gold pieces.
You spent 430 gold pieces at shops.

Inventory:

Hand Weapons
 h - a +0 hand axe
 J - a +0 morningstar (weapon)
Missiles
 k - 6 boomerangs (quivered)
 q - 13 poisoned darts
 I - 2 throwing nets
Armour
 b - a +0 helmet (worn)
 c - a +0 buckler (worn)
 t - a +0 plate armour (worn)
 u - a +0 pair of gloves (worn)
 H - a +0 cloak (worn)
 N - a +0 pair of boots (worn)
Jewellery
 g - the ring "Hero's Friend" (left hand) {rC+ Will+ Slay+2}
   (You acquired it on level 8 of the Dungeon)

   [ring of protection from cold]

   Slay:      It affects your accuracy & damage with ranged weapons and melee
   (+2).
   rC:        It protects you from cold.
   Will:      It increases your willpower.
 j - a +4 ring of slaying
 m - a +6 ring of strength (right hand)
 x - a ring of ice
 C - a +6 ring of dexterity
 D - an amulet of the acrobat (around neck)
 L - a +6 ring of intelligence
Wands
 y - a wand of flame (55)
 K - a wand of light (6)
 O - a wand of charming (8)
 P - a wand of roots (15)
 R - a wand of mindburst (16)
Scrolls
 a - a scroll of poison
 e - 2 scrolls of fog
 f - 2 scrolls of blinking
 l - 3 scrolls of silence
 n - 2 scrolls of enchant armour
 r - 2 scrolls of enchant weapon
 s - 3 scrolls of teleportation
 v - a scroll of amnesia
 M - a scroll of vulnerability
Potions
 d - a potion of might
 i - 3 potions of magic {unknown}
 o - a potion of heal wounds {unknown}
 p - a potion of lignification {unknown}
 z - 2 potions of brilliance
 A - 4 potions of curing
 E - 3 potions of mutation {unknown}
 F - 3 potions of degeneration {unknown}
 G - 3 potions of berserk rage {unknown}
 Q - a potion of haste


   Skills:
 + Level 8.8 Fighting
 * Level 5.7 Maces & Flails
 - Level 4.0 Throwing
 + Level 6.5 Armour
 + Level 6.5 Shields
 + Level 4.0 Evocations


You had 9 spell levels left.
You didn't know any spells.
Your spell library contained the following spells:

 Spells                   Type           Power      Damage    Failure   Level
 Apportation              Tloc           0%         N/A       99%         1
 Necrotise                Necr           0%         1d4       99%         1
 Summon Small Mammal      Summ           0%         N/A       99%         1
 Inner Flame              Hex/Fire       0%         N/A       100%        3
 Ozocubu's Armour         Ice            0%         N/A       100%        3
 Alistair's Intoxication  Tmut/Pois      0%         N/A       100%        5
 Yara's Violent Unravell  Hex/Tmut       0%         3d3       100%        5
 Enfeeble                 Hex            0%         N/A       100%        7
 Malign Gateway           Summ/Tloc      0%         N/A       100%        7
 Ozocubu's Refrigeration  Ice            0%         4d7       100%        7
 Summon Horrible Things   Summ           0%         N/A       100%        8


Dungeon Overview and Level Annotations

Branches:
Dungeon (9/15)             Temple (1/1) D:5
   Lair: D:8-11         Orc: D:9-12

Altars:
Ashenzari
Cheibriados
Fedhas
Gozag
Hepliaklqana
Kikubaaqudgha
Nemelex Xobeh
Okawaru
Qazlal
Ru
Sif Muna
Trog
Vehumet
Wu Jian
Xom
Yredelemnul

Shops:
D:6 =*!   D:8 ?


Innate Abilities, Weirdness & Mutations

You have very sharp fingernails.
You have large cloven feet.
You sometimes gain power by taking damage.
You are partially covered in sharp spines.


Message History

You kill the yak!
You block the yak's attack.
Your Evocations skill increases to level 4!
You puncture the two-headed ogre!
The two-headed ogre is moderately wounded.
The yak is struck by your spines. The yak gores you but does no damage.
The two-headed ogre is struck by your spines.
The two-headed ogre closely misses you. x2; The yak is struck by your spines.
The yak gores you. The yak gores you! The yak is struck by your spines.
The yak barely misses you.
You barely miss the two-headed ogre.
The two-headed ogre is moderately wounded.
The two-headed ogre is struck by your spines.
The two-headed ogre barely misses you. x2
The yak gores you but does no damage. x2
You hit the two-headed ogre but do no damage.
The two-headed ogre is moderately wounded.
The two-headed ogre hits you with a +0 giant club!
You focus on the pain.
You feel agile all of a sudden. The two-headed ogre barely misses you.
The yak gores you! The yak gores you.
You closely miss the two-headed ogre.
The two-headed ogre is moderately wounded.
The yak is struck by your spines. The yak gores you but does no damage.
The yak is struck by your spines. The yak closely misses you.
The two-headed ogre is struck by your spines.
The two-headed ogre hits you with a +0 giant club!!
* * * LOW HITPOINT WARNING * * *
You focus on the pain.
You feel very mighty all of a sudden. The two-headed ogre closely misses you.
You barely miss the two-headed ogre.
The two-headed ogre is heavily wounded.
You block the yak's attack. The yak is struck by your spines.
The yak gores you but does no damage. The yak gores you!
* * * LOW HITPOINT WARNING * * *
You focus on the pain.
You feel mightier all of a sudden. The yak gores you.
You die...

###### ..##### .#....
#.....# #......
###...##### ...... #
#.......# ..... #
#...###.# ##...# #
#...# #.# #YY.##### #
#...###.## #YOY..... #
#........# #@Y#### #
#.....[..#####$....# #
#..............#......
#
#..............#......
# #..........>...#
..... ####...........#
..### #..[........# .#
#.....##.#### ##
#.....##.#


You could see a two-headed ogre and 5 yaks.

Vanquished Creatures
  A troll (D:9)
  Grinder (D:3)
  A hornet (D:9)
  A wraith (D:9)
  Sigmund (D:3)
  A yak (D:9)
  Eustachio (D:5)
  A steam dragon (D:6)
  Menkaure (D:6)
  A water moccasin (D:8)
  A sky beast (D:8)
  An ice beast (D:7)
  2 orc warriors
  A black bear (D:7)
  3 centaurs
  Blork the orc (D:4)
  2 kobold brigands (D:7)
  2 phantoms
  5 bullfrogs
  4 scorpions
  8 wights (D:8)
  A howler monkey (D:7)
  5 orc priests
  A gnoll bouda (D:7)
  4 hounds
  2 jellies
  3 iguanas
  Natasha (thrice) (D:2)
  2 sleepcaps
  12 orc wizards
  Robin (D:2)
  5 adders
  9 gnolls
  A shadow imp (D:7)
  2 white imps
  An ufetubus (D:7)
  A worm (D:4)
  12 dart slugs
  25 orcs
  4 endoplasms
  4 giant cockroaches
  18 goblins
  8 hobgoblins
  6 jackals
  8 ball pythons
  6 bats
  4 frilled lizards
  14 kobolds
  3 rats
205 creatures vanquished.

Vanquished Creatures (others)
  A hound (D:6)
1 creature vanquished.

Grand Total: 206 creatures vanquished

Notes
Turn   | Place    | Note
-------+----------+-------------------------------------------
     0 | D:1      | jagang the Demonspawn Fighter began the quest for the Orb.
     0 | D:1      | Reached XP level 1. HP: 18/18 MP: 1/1
   143 | D:1      | Discovered your monstrous ancestry.
   143 | D:1      | Gained mutation: You have large cloven feet. [demonic
                  | ancestry]
   143 | D:1      | Reached XP level 2. HP: 24/24 MP: 2/2
   494 | D:2      | Gained mutation: You have sharp fingernails. [demonic
                  | ancestry]
   494 | D:2      | Reached XP level 3. HP: 30/30 MP: 3/3
   640 | D:2      | Noticed Natasha
   645 | D:2      | Killed Natasha
   675 | D:2      | Reached skill level 4 in Fighting
   675 | D:2      | Gained mutation: You sometimes gain a little power by
                  | taking damage. [demonic ancestry]
   675 | D:2      | Reached XP level 4. HP: 37/37 MP: 4/4
   696 | D:2      | Noticed Robin
   710 | D:2      | Killed Robin
   711 | D:2      | Reached skill level 1 in Throwing
   772 | D:2      | Noticed Natasha
   780 | D:2      | Killed Natasha
   973 | D:2      | Reached XP level 5. HP: 43/43 MP: 5/5
  1088 | D:2      | Noticed Natasha
  1097 | D:2      | Killed Natasha
  1548 | D:3      | Noticed Grinder
  1576 | D:3      | Killed Grinder
  1577 | D:3      | Reached skill level 5 in Fighting
  1577 | D:3      | Gained mutation: You sometimes gain power by taking damage.
                  | [demonic ancestry]
  1577 | D:3      | Reached XP level 6. HP: 30/51 MP: 6/6
  1883 | D:3      | Noticed Sigmund
  1902 | D:3      | Killed Sigmund
  1903 | D:3      | Reached XP level 7. HP: 56/57 MP: 7/7
  2171 | D:4      | Reached skill level 6 in Fighting
  2802 | D:4      | Noticed Blork the orc
  2810 | D:4      | Killed Blork the orc
  3021 | D:5      | Entered Level 5 of the Dungeon
  3089 | D:5      | Found a staircase to the Ecumenical Temple.
  3095 | Temple   | Entered the Ecumenical Temple
  3387 | D:5      | Gained mutation: You are partially covered in sharp spines.
                  | [demonic ancestry]
  3387 | D:5      | Reached XP level 8. HP: 56/65 MP: 8/8
  3469 | D:5      | Noticed Eustachio
  3497 | D:5      | HP: 2/65 [river rat[Eustachio] (4)]
  3501 | D:5      | Killed Eustachio
  3725 | D:5      | Reached skill level 7 in Fighting
  3991 | D:5      | Found an iron altar of Okawaru.
  4009 | D:5      | Reached skill level 5 in Armour
  4009 | D:5      | Reached skill level 5 in Shields
  4184 | D:5      | Identified the +1 leather armour of Yredelemnul, Lusting
                  | {Stlth+}
  4458 | D:6      | Found Qaxzit's Assorted Antiques.
  4460 | D:6      | Bought a potion of curing for 60 gold pieces
  4460 | D:6      | Bought a scroll labelled JUPUBE SEUBU for 20 gold pieces
  4460 | D:6      | Bought a dark potion for 18 gold pieces
  4460 | D:6      | Bought a scroll labelled YPUHAIB GIXUCW for 20 gold pieces
  4522 | D:6      | Found Xuthrem's Distillery.
  4601 | D:6      | Bought a potion of haste for 110 gold pieces
  4708 | D:6      | Found a broken altar of Ashenzari.
  4748 | D:6      | Noticed Menkaure
  4753 | D:6      | Killed Menkaure
  4875 | D:6      | Found a sparkling altar of Nemelex Xobeh.
  4894 | D:6      | Reached skill level 1 in Evocations
  5197 | D:6      | Found Oxaysux's Jewellery Shoppe.
  5276 | D:6      | Found a radiant altar of Vehumet.
  5519 | D:7      | Reached XP level 9. HP: 24/74 MP: 9/9
  5828 | D:7      | Found a hazy altar of Hepliaklqana.
  5895 | D:7      | Reached skill level 8 in Fighting
  6453 | D:7      | Found an opulent altar of Gozag.
  7088 | D:8      | Found a shimmering altar of Xom.
  7091 | D:8      | Found a shimmering altar of Xom.
  7091 | D:8      | Found a shimmering altar of Xom.
  7091 | D:8      | Found a shimmering altar of Xom.
  7091 | D:8      | Found a shimmering altar of Xom.
  7177 | D:8      | Reached skill level 5 in Maces & Flails
  7300 | D:8      | Found Yruemas's Magic Scroll Shop.
  7304 | D:8      | Bought a scroll of enchant weapon for 112 gold pieces
  7304 | D:8      | Bought a scroll of identify for 30 gold pieces
  7304 | D:8      | Bought a scroll of identify for 30 gold pieces
  7304 | D:8      | Bought a scroll of identify for 30 gold pieces
  7310 | D:8      | Identified a scroll of acquirement
  7312 | D:8      | Acquired the ring "Hero's Friend" {rC+ Will+ Slay+2}
  7445 | D:8      | Noticed a yaktaur
  7446 | D:8      | a yaktaur changed into a tarantella
  7448 | D:8      | Found a shimmering altar of Xom.
  7449 | D:8      | Found a shimmering altar of Xom.
  7475 | D:8      | a tarantella changed into a komodo dragon
  7475 | D:8      | Noticed a komodo dragon (shapeshifter)
  7493 | D:8      | a komodo dragon changed into a salamander
  7493 | D:8      | Noticed a salamander (shapeshifter)
  7506 | D:8      | a salamander changed into a polar bear
  7506 | D:8      | Noticed a polar bear (shapeshifter)
  7508 | D:8      | a polar bear changed into a shapeshifter
  7509 | D:8      | a shapeshifter changed into a yaktaur
  7509 | D:8      | Noticed a yaktaur (shapeshifter)
  7510 | D:8      | a yaktaur changed into a fire crab
  7510 | D:8      | Noticed a fire crab (shapeshifter)
  7520 | D:8      | a fire crab changed into a polar bear
  7520 | D:8      | Noticed a polar bear (shapeshifter)
  7552 | D:9      | Gained mutation: You have very sharp fingernails. [demonic
                  | ancestry]
  7552 | D:9      | Reached XP level 10. HP: 38/82 MP: 10/10
  7777 | D:9      | Found a shimmering blue altar of Sif Muna.
  7877 | D:9      | Found a sacrificial altar of Ru.
  7989 | D:9      | Noticed a two-headed ogre
  7998 | D:9      | HP: 2/82 [yak (12)]
  7998 | D:9      | Slain by a yak

Illustrated notes

Levels and vault maps discovered:
D:1:      scummos_arrival_simple_crosswalls, layout_rooms
D:2:      layout_basic, nicolae_grassy_gnolls, uniq_natasha, uniq_robin
D:3:      kennysheep_slugbush, layout_loops_ring, kennysheep_generic_room_15,
          uniq_sigmund, uniq_grinder
D:4:      layout_basic, uniq_blork_the_orc
D:5:      layout_basic, okawaru_metal_pillars_1_2, minmay_temple_entry_wispy,
          hangedman_decor_diamond_cutter, uniq_eustachio
D:6:      layout_loops_ring, nicolae_elyvilon_peaceful_grove,
          grunt_temple_overflow_open, mainiacjoe_overflow_catch_the_wave,
          serial_shops, shop, kennysheep_mini_moat, nicolae_inconvenience_store,
          uniq_menkaure
D:7:      layout_cave_pods, nicolae_hepliaklqana_hippocampus,
          mainiacjoe_overflow_small_starburst, wad_rectangle_vault
D:8:      layout_rooms, xom_shifter_show, serial_shops, shop
D:9:      layout_basic, nicolae_ru_awakened_eye, mainiacjoe_overflow_24_doors,
          lightli_temple_of_fire, kennysheep_orc_sif_temple, lair_entry_dummy
Temple:   hellmonk_temple_two_chambers

Skill      XL: |  1  2  3  4  5  6  7  8  9 10 |
---------------+-------------------------------+-----
Shields        | 3 4 5 6 |  6.5
Armour         | 3 4 5 6 |  6.5
Fighting       | 4 5 6 7 8 |  8.8
Throwing       | 1 2 3 4 |  4.0
Maces & Flails | 2 5 |  5.7
Evocations     | 1 3 4 |  4.0

Action                     |  1- 3 |  4- 6 |  7- 9 | 10-12 || total
---------------------------+-------+-------+-------+-------++-------
  Melee: Flail             |    32 |       |       |       ||    32
         Whip              |    35 |   132 |   131 |       ||   298
         Kick              |     4 |    37 |    50 |       ||    91
         Morningstar       |       |       |   190 |    33 ||   223
  Throw: Boomerang         |       |     1 |     3 |       ||     4
    Use: Scroll            |       |       |    12 |       ||    12
         Potion            |       |       |     1 |       ||     1
 Armour: Scale mail        |    25 |       |       |       ||    25
         Plate armour      |       |    80 |   296 |    29 ||   405
  Dodge: Dodged            |    19 |    40 |   130 |    20 ||   209
  Block: Buckler           |    16 |    35 |    91 |    11 ||   153
